 Dungeon Crawl Stone Soup version 0.20-a0-331-g5b3579f (webtiles) character file.

133620 Duffy the Destroyer (level 16, 125/125 HPs)
             Began as a Mummy Fire Elementalist on Dec 21, 2016.
             Was a High Priest of Vehumet.
             Quit the game on level 1 of the Elven Halls.
             The game lasted 01:36:54 (48807 turns).

Duffy the Destroyer (Mummy Fire Elementalist)      Turns: 48807, Time: 01:36:55

Health: 125/125    AC: 21    Str: 11    XL:     16   Next: 60%
Magic:  5/39       EV: 19    Int: 20    God:    Vehumet [*****.]
Gold:   2374       SH:  9    Dex: 14    Spells: 0/35 levels left

rFire  . . .     SeeInvis .     u - staff of wizardry
rCold  + + .     Gourm    .     y - +2 robe {MR+}
rNeg   + + +     Faith    .     c - +0 buckler
rPois  ∞         Spirit   .     p - +2 helmet
rElec  .         Reflect  +     h - +1 cloak of Poiduodd {rF+ rC+ rN+}
rCorr  .         Harm     .     s - +3 pair of gauntlets of War {Slay+5}
MR     +++..                    C - +2 pair of boots
Stlth  ++........               B - +4 amulet of reflection
                                P - ring of magical power
                                K - +4 ring of protection

@: delayed fireball, repel missiles
A: no food or potions, fire vulnerability, cold resistance 1, negative energy
resistance 3, torment resistance, unbreathing, in touch with death 1
a: Renounce Religion, Release Delayed Fireball


You were on level 1 of the Elven Halls.
You worshipped Vehumet.
Vehumet was extremely pleased with you.
You were not hungry.

You visited 5 branches of the dungeon, and saw 25 of its levels.
You also visited: Labyrinth, Sewer and Ossuary.

You collected 3077 gold pieces.
You spent 703 gold pieces at shops.

Inventory:

Hand Weapons
 b - the +9 scimitar of the Feather {speed, -Tele rN+ Int+6 SInv}
   (You found it on level 3 of the Lair of Beasts)

   Attacks with this weapon are significantly faster.
   It affects your intelligence (+6).
   It protects you from negative energy.
   It lets you see invisible.
   It prevents most forms of teleportation.
 T - the +5 scimitar "Hydra's Death" {slice, MR+}
   (You found it on level 5 of the Lair of Beasts)

   It inflicts extra damage upon your enemies.
   It affects your resistance to hostile enchantments.
Missiles
 v - 4 throwing nets (quivered) {!f}
Armour
 c - a +0 buckler (worn)
 h - the +1 cloak of Poiduodd (worn) {rF+ rC+ rN+}
   (You found it on level 11 of the Dungeon)

   It protects you from fire.
   It protects you from cold.
   It protects you from negative energy.
 p - a +2 helmet (worn)
 s - the +3 pair of gauntlets of War (worn) {Slay+5}
   (You found it on level 1 of the Lair of Beasts)

   It affects your accuracy and damage with ranged weapons and melee attacks
   (+5).
 y - a +2 robe of magic resistance (worn)
 C - a +2 pair of boots (worn)
Magical Staves
 a - an uncursed staff of fire
 u - an uncursed staff of wizardry (weapon)
Jewellery
 d - an uncursed ring of see invisible
 B - a +4 amulet of reflection (around neck)
 D - the ring of Latsum {rC+ Str+3}
   (You bought it in a shop on level 2 of the Orcish Mines)

   [ring of protection from cold]

   It affects your strength (+3).
   It protects you from cold.
 K - a +4 ring of protection (left hand)
 P - a ring of magical power (right hand)
 U - an uncursed ring of protection from fire
 V - an uncursed ring of wizardry
Wands
 l - a wand of paralysis (14/24)
 m - a wand of enslavement (7/24)
 o - a wand of iceblast (5/15)
 w - a wand of slowing (23/48)
 A - a wand of digging (4/24)
 E - a wand of lightning (7/15)
 G - a wand of digging (10/24)
 I - a wand of polymorph (19/24)
 L - a wand of iceblast (0/15)
 Q - a wand of disintegration (14/24)
Scrolls
 e - 7 scrolls of remove curse
 g - 5 scrolls of magic mapping
 i - 9 scrolls of teleportation
 j - 6 scrolls of fear
 k - 2 scrolls of fog
 n - 3 scrolls of recharging
 q - 6 scrolls of enchant weapon
 r - 4 scrolls of blinking
 t - 3 scrolls of amnesia
 z - a scroll of enchant armour
 M - 5 scrolls of immolation
 O - a scroll of summoning
 R - a scroll of torment
Miscellaneous
 f - a phial of floods


   Skills:
 - Level 11.2 Fighting
 - Level 3.8 Armour
 - Level 10.5 Dodging
 - Level 1.5 Stealth
 - Level 6.0 Shields
 - Level 10.0 Spellcasting
 + Level 12.9 Conjurations
 - Level 4.0 Charms
 - Level 7.0 Necromancy
 - Level 4.0 Translocations
 - Level 9.0 Fire Magic
 - Level 2.5 Air Magic
 + Level 6.3 Poison Magic
 - Level 5.0 Evocations


You couldn't memorise any spells.
You knew the following spells:

 Your Spells              Type           Power        Failure   Level  Hunger
a - Poison Arrow          Conj/Pois      #####.....   2%          6    N/A
c - Flame Tongue          Conj/Fire      #####        1%          1    N/A
h - Bolt of Draining      Conj/Necr      ######....   1%          5    N/A
j - Sticky Flame          Conj/Fire      ######..     1%          4    N/A
k - Fireball              Conj/Fire      ######....   1%          5    N/A
l - Conjure Flame         Conj/Fire      ######..     1%          3    N/A
m - Repel Missiles        Chrm/Air       ###...       1%          2    N/A
o - Poisonous Cloud       Conj/Pois/Air  #####.....   1%          5    N/A
B - Blink                 Tloc           N/A          1%          2    N/A
K - Delayed Fireball      Conj/Fire      N/A          11%         7    N/A

Dungeon Overview and Level Annotations

Branches:
Dungeon (15/15)            Temple (1/1) D:5            Lair (6/6) D:9
 Shoals (0/4) Lair:3        Snake (0/4) Lair:3        Slime (0/5) Lair:5
    Orc (2/2) D:10            Elf (1/3) Orc:2        Vaults (0/5) D:13
 Depths (0/5) D:15

Altars:
Ashenzari
Cheibriados
Dithmenos
Elyvilon
Fedhas
Gozag
Hepliaklqana
Kikubaaqudgha
Makhleb
Nemelex Xobeh
Okawaru
Qazlal
Ru
Sif Muna
Trog
Uskayaw
Vehumet
Xom
Yredelemnul
Zin
The Shining One
Jiyva

Shops:
D:6 *   D:8 (   D:13 [   Orc:1 ?   Orc:2 *?**

Annotations:
Lair:5 1 runed door, exclusion: door


Innate Abilities, Weirdness & Mutations

You do not eat or drink.
Your flesh is vulnerable to fire.
You are immune to poison.
Your flesh is cold resistant. (rC+)
You are immune to negative energy. (rN+++)
You are immune to unholy pain and torment.
You can survive without breathing.
You are in touch with the powers of death.


Message History

The poison arrow misses the deep elf mage.
Cast which spell? (? or * to list)
You don't have enough magic to cast that spell.
Cast which spell? (? or * to list)
You don't have enough magic to cast that spell.
The deep elf mage mumbles some strange words.
The deep elf mage casts a spell.
The deep elf mage blinks!
The deep elf mage mumbles some strange words.
The deep elf mage blinks!
Things that are here:
a short sword; a leather armour; a rapier A short sword of freezing comes into view.
The deep elf mage shouts!
The deep elf mage hits you but does no damage.
A deep elf mage comes into view. It is wielding a dagger.
The deep elf mage gestures at you while chanting.
The lance of force is repelled.
The deep elf mage moves out of view.
You hear a shout!
Are you sure you want to abandon this character and quit the game? (Confirm with "yes".)

#.#0####..#########..##
#.#e####.)#####.....#..
#.............0E..#####
###########...#.#.##'##.##0##
#
#...............#.#...#.##0#
#.##########.00...'...'.##0##
# #.# #.)0###.#..)#.##.0#####
#.#
#######.#Ee...##'##.###...#..
#.# #........E(.@.......#
###..## #.#
#.#.####'####.#..#### #.##
#.# #...#.......#....#
####.### #.#
#.###.#...#.###..# #.......
#.# #.#...........#..#
#.##'##.
#.###.#.#..#'#..#.#..##
#.#...#.
#.#...#...##.##...#...#
#.'...'.
#.#.#.'...'.:.'...'.#.#
#.#...#.
#.#...#...##.##...#...#
#.##'##.


You could see 2 deep elf magi, 2 fire elementals and a short sword of freezing.

Vanquished Creatures
  A tengu reaver (D:11)
  A fire giant (D:11)
  A deep elf sorcerer (Elf:1)
  An orc warlord (Orc:2)
  A deep elf elementalist (Elf:1)
  A deep elf annihilator (Elf:1)
  Snorg (D:11)
  A minotaur (Lab)
  A fire dragon (Lair:6)
  A deep elf high priest (Elf:1)
  4 vault guards
  6 hydras
  Harold (Lair:1)
  2 ice dragons
  2 catoblepae
  A queen ant (Lair:3)
  The ghost of dondy the Severer, a novice HOMo of Beogh (D:10)
  12 two-headed ogres
  7 centaur warriors
  6 death yaks
  An ogre mage (D:15)
  A deep troll earth mage (D:11)
  A tengu warrior (D:14)
  Urug (Lair:3)
  5 orc high priests (Orc:2)
  3 dancing weapons (Elf:1)
  A vampire mage (D:15)
  A hell knight (D:11)
  Nergalle (Lair:1)
  2 skeletal warriors (D:15)
  A spark wasp zombie (D:15)
  2 lindwurms (Lair:6)
  3 wizards
  3 unseen horrors
  2 deep elf archers (Elf:1)
  3 orc knights (Orc:2)
  A necromancer (D:15)
  A frost giant zombie (D:15)
  20 ugly things
  An orc sorcerer (Orc:2)
  5 manticores
  3 oklob plants (Lair:5)
  A cyclops (D:13)
  4 centaur zombies
  19 deep elf magi
  5 elephants
  Maurice (D:12)
  A merfolk siren (Lair:3)
  5 torpor snails (Lair:6)
  5 gargoyles
  A centaur skeleton (D:10)
  2 black mambas
  17 spiny frogs
  A yaktaur (D:13)
  2 rime drakes
  4 komodo dragons (Lair:6)
  An efreet (D:15)
  6 trolls
  2 tengu conjurers (D:14)
  Grinder (D:6)
  A queen bee (D:12)
  A polar bear (Lair:4)
  2 minotaur zombies (Lab)
  3 tyrant leeches (Lair:6)
  A wind drake (shapeshifter) (D:13)
  A hornet (shapeshifter) (D:14)
  6 hornets (Lair:6)
  A blink frog (shapeshifter) (D:13)
  A hippogriff (shapeshifter) (D:14)
  25 blink frogs
  A snapping turtle (shapeshifter) (D:11)
  11 hippogriffs
  A spriggan zombie (D:15)
  5 wyverns
  3 wraiths
  3 shadows
  Eustachio (D:6)
  38 yaks
  2 fire elementals (Elf:1)
  The ghost of TotoDurand the Shooter, an amateur CeHu (D:4)
  18 humans (D:13)
  4 hungry ghosts
  2 steam dragons (D:10)
  2 basilisks
  A vampire mosquito (D:11)
  11 wargs
  10 soldier ants (Lair:3)
  16 water moccasins
  A human zombie (D:15)
  Duvessa (D:7)
  2 black bears
  An ice beast (D:13)
  7 porcupines
  6 sky beasts
  37 orc warriors
  2 phantoms
  14 ogres
  5 wolves (Lair:6)
  17 centaurs
  8 big kobolds
  13 crocodiles
  24 bullfrogs
  Blork the orc (D:4)
  Dowan (D:7)
  A wyvern zombie (D:14)
  8 scorpions
  13 killer bees (D:12)
  25 wights
  5 electric eels (D:7)
  8 jellies
  3 howler monkeys (D:14)
  3 crimson imps
  28 orc priests
  5 hounds
  Crazy Yiuf (D:6)
  A gnoll shaman (D:10)
  2 iguanas
  19 orc wizards
  37 worker ants
  A killer bee zombie (D:7)
  A big kobold zombie (Ossuary)
  2 hound skeletons
  8 mummies (Ossuary)
  A howler monkey zombie (D:8)
  Robin (D:4)
  4 gnolls
  A howler monkey skeleton (D:6)
  20 adders
  2 river rats (Sewer)
  4 shadow imps
  2 oozes
  3 adder zombies
  3 worms
  5 dart slugs
  8 leopard geckos
  90 orcs
  6 bats
  14 giant cockroaches
  16 goblins
  14 hobgoblins
  12 jackals
  31 kobolds
  6 quokkas
  4 ball pythons
  A ball python zombie (D:5)
  A frilled lizard (D:2)
  A giant cockroach zombie (D:5)
  2 gnoll zombies (Ossuary)
  A hobgoblin zombie (Ossuary)
  2 kobold zombies (Ossuary)
  A leopard gecko skeleton (D:7)
  A leopard gecko zombie (D:6)
  2 orc zombies (Ossuary)
  A quokka skeleton (D:7)
  7 rats
  3 plants
945 creatures vanquished.

Vanquished Creatures (collateral kills)
  An elephant (Lair:3)
1 creature vanquished.

Vanquished Creatures (others)
  An eye of draining (D:7)
  A centaur (D:14)
  2 orcs (Orc:1)
  A kobold (D:7)
  15 fungi
  17 plants
  3 withered plants (D:15)
40 creatures vanquished.

Grand Total: 986 creatures vanquished

Notes
Turn   | Place    | Note
-------+----------+-------------------------------------------
     0 | D:1      | Duffy the Mummy Fire Elementalist began the quest for the Orb.
     0 | D:1      | Reached XP level 1. HP: 13/13 MP: 4/4
    97 | D:1      | Reached skill level 1 in Conjurations
   182 | D:1      | Reached skill level 3 in Spellcasting
   291 | D:1      | Reached XP level 2. HP: 19/19 MP: 3/6
   889 | D:1      | Reached XP level 3. HP: 22/24 MP: 2/8
  1044 | D:1      | Reached skill level 4 in Spellcasting
  1327 | D:1      | Learned a level 3 spell: Conjure Flame
  1417 | D:2      | Reached skill level 2 in Conjurations
  1646 | D:2      | Found an opulent altar of Gozag.
  1646 | D:2      | Found a stormy altar of Qazlal.
  1728 | D:2      | Reached XP level 4. HP: 4/30 MP: 1/10
  2094 | D:2      | Learned a level 4 spell: Sticky Flame
  3513 | D:3      | Reached XP level 5. HP: 33/35 MP: 4/12
  4209 | D:4      | Noticed TotoDurand's ghost (amateur CeHu)
  4225 | D:4      | Killed TotoDurand's ghost
  4225 | D:4      | Reached skill level 5 in Spellcasting
  4225 | D:4      | Reached skill level 3 in Conjurations
  4225 | D:4      | Reached skill level 3 in Fire Magic
  4225 | D:4      | Reached XP level 6. HP: 41/41 MP: 9/13
  4355 | D:4      | Noticed Robin
  4392 | D:4      | Killed Robin
  4764 | D:4      | Reached skill level 1 in Evocations
  5180 | D:4      | Reached XP level 7. HP: 46/46 MP: 11/14
  5433 | D:3      | Reached skill level 2 in Evocations
  5718 | D:4      | Reached skill level 4 in Conjurations
  5718 | D:4      | Reached skill level 4 in Fire Magic
  5991 | D:4      | Noticed Blork the orc
  6004 | D:4      | Killed Blork the orc
  6130 | D:4      | Found an ancient bone altar of Kikubaaqudgha.
  6883 | D:5      | Entered Level 5 of the Dungeon
  6963 | D:5      | Found a glowing drain.
  6971 | Sewer    | Entered a sewer
  7482 | Sewer    | Reached skill level 5 in Conjurations
  7482 | Sewer    | Reached XP level 8. HP: 52/52 MP: 12/15
  7515 | Sewer    | Found a white marble altar of Elyvilon.
  7645 | D:5      | Learned a level 5 spell: Fireball
  7687 | D:5      | Reached skill level 5 in Fire Magic
  8761 | D:5      | Found a staircase to the Ecumenical Temple.
  8793 | Temple   | Entered the Ecumenical Temple
  8958 | Temple   | Became a worshipper of Vehumet
  9474 | D:6      | Noticed a hippogriff
  9478 | D:6      | Reached skill level 6 in Conjurations
  9492 | D:6      | Killed a hippogriff
  9492 | D:6      | Reached skill level 6 in Fire Magic
  9590 | D:6      | Found a glowing silver altar of Zin.
  9591 | D:6      | Found Zin's Purification Station.
  9723 | D:6      | Noticed Grinder
  9739 | D:6      | Killed Grinder
  9739 | D:6      | Reached XP level 9. HP: 53/57 MP: 2/16
  9985 | D:6      | Found a runed door.
  9986 | D:6      | Got a warped mace
  9987 | D:6      | Identified the cursed +1 mace of Courage {crush, Dex+5} (You found it on level 6 of the Dungeon)
  9991 | D:6      | Noticed Crazy Yiuf
  9995 | D:6      | Killed Crazy Yiuf
 10300 | D:6      | Noticed Eustachio
 10309 | D:6      | Killed Eustachio
 10648 | D:7      | Noticed Duvessa
 10653 | D:7      | Noticed Dowan
 10667 | D:7      | Killed Duvessa
 10667 | D:7      | Reached skill level 7 in Conjurations
 10698 | D:7      | Killed Dowan
 10698 | D:7      | Reached skill level 7 in Fire Magic
 10734 | D:7      | Found a sand-covered staircase.
 10758 | D:7      | Reached * piety under Vehumet
 10758 | D:7      | Offered knowledge of Sandblast by Vehumet.
 10776 | Ossuary  | Entered an ossuary
 11461 | D:7      | Got a slimy falchion
 11462 | D:7      | Identified the +8 falchion of Discord {slice, rF+ rN+++ Dex+5 Stlth-} (You found it on level 7 of the Dungeon)
 11515 | D:7      | Noticed a white ugly thing
 11537 | D:7      | Killed a white ugly thing
 11822 | D:7      | Noticed a two-headed ogre
 11833 | D:7      | Killed a two-headed ogre
 11833 | D:7      | Reached skill level 8 in Conjurations
 11833 | D:7      | Reached skill level 8 in Fire Magic
 11833 | D:7      | Reached XP level 10. HP: 56/63 MP: 3/17
 11908 | D:7      | Offered knowledge of Sting by Vehumet.
 12394 | D:7      | Reached ** piety under Vehumet
 12750 | D:8      | Reached skill level 1 in Fighting
 12796 | D:8      | Found a glowing golden altar of the Shining One.
 12827 | D:8      | Found Ufimuk's Antique Weapon Shop.
 12853 | D:8      | Reached skill level 2 in Fighting
 13079 | D:8      | Noticed a purple ugly thing
 13085 | D:8      | Killed a purple ugly thing
 13085 | D:8      | Reached skill level 4 in Fighting
 13533 | D:8      | Reached skill level 5 in Fighting
 13746 | D:9      | Got a transparent leather armour
 13780 | D:8      | Identified the +1 leather armour of Omnuehe {rElec rC+ Dex+3} (You found it on level 9 of the Dungeon)
 13947 | D:9      | Noticed a two-headed ogre
 13957 | D:9      | Killed a two-headed ogre
 13957 | D:9      | Reached skill level 6 in Fighting
 14111 | D:9      | Reached skill level 7 in Fighting
 14191 | D:9      | Reached skill level 2 in Dodging
 14406 | D:9      | Found a staircase to the Lair.
 14658 | D:9      | Offered knowledge of Static Discharge by Vehumet.
 14930 | D:9      | Reached skill level 3 in Dodging
 15269 | D:10     | Entered Level 10 of the Dungeon
 15455 | D:10     | Noticed an unseen horror
 15464 | D:10     | Killed an unseen horror
 15464 | D:10     | Reached skill level 8 in Fighting
 15464 | D:10     | Reached XP level 11. HP: 68/86 MP: 11/18
 15616 | D:10     | Noticed dondy's ghost (novice HOMo)
 16015 | D:10     | Found a bloodstained altar of Trog.
 16162 | D:10     | Reached *** piety under Vehumet
 16299 | D:10     | Reached skill level 4 in Dodging
 16383 | D:10     | Found a staircase to the Orcish Mines.
 16878 | D:10     | Offered knowledge of Airstrike by Vehumet.
 17316 | D:10     | Reached skill level 5 in Dodging
 17926 | Lair:1   | Entered Level 1 of the Lair of Beasts
 18274 | Lair:1   | Noticed Harold
 18340 | Lair:1   | Killed Harold
 18340 | Lair:1   | Reached skill level 6 in Spellcasting
 18790 | Lair:1   | Reached skill level 9 in Fire Magic
 19197 | Lair:1   | Reached skill level 9 in Conjurations
 19423 | Lair:2   | Reached skill level 7 in Spellcasting
 19552 | Lair:2   | Reached **** piety under Vehumet
 19861 | Lair:1   | Reached skill level 8 in Spellcasting
 20026 | Lair:2   | Reached skill level 1 in Armour
 20086 | Lair:2   | Noticed Nergalle
 20118 | Lair:1   | Reached skill level 2 in Armour
 20184 | Lair:1   | Killed Nergalle
 20184 | Lair:1   | Reached XP level 12. HP: 92/92 MP: 22/24
 20243 | Lair:1   | Reached skill level 3 in Armour
 20645 | Lair:2   | Offered knowledge of Bolt of Draining by Vehumet.
 20645 | Lair:2   | Reached skill level 3 in Evocations
 20711 | Lair:1   | Learned a level 5 spell: Bolt of Draining
 20921 | Lair:2   | Reached skill level 4 in Evocations
 21343 | Lair:2   | Reached skill level 5 in Evocations
 21422 | Lair:3   | Reached skill level 1 in Necromancy
 21472 | Lair:2   | Reached skill level 2 in Necromancy
 21776 | Lair:3   | Reached skill level 3 in Necromancy
 22104 | Lair:3   | Reached skill level 4 in Necromancy
 22306 | Lair:3   | Noticed Urug
 22376 | Lair:3   | Killed Urug
 22482 | Lair:2   | Reached ***** piety under Vehumet
 22482 | Lair:2   | Offered knowledge of Irradiate by Vehumet.
 22621 | Lair:3   | Got an ichor-stained scimitar
 22651 | Lair:3   | Identified the +9 scimitar of the Feather {speed, -Tele rN+ Int+6 SInv} (You found it on level 3 of the Lair of Beasts)
 22716 | Lair:3   | Found a staircase to the Snake Pit.
 22766 | Lair:3   | Reached skill level 10 in Conjurations
 22950 | Lair:4   | Found a labyrinth entrance.
 22957 | Lab      | Entered a labyrinth
 23339 | Lab      | Noticed a minotaur
 23347 | Lab      | Killed a minotaur
 23347 | Lab      | Reached skill level 5 in Necromancy
 23874 | Lair:4   | Noticed a seven-headed hydra
 23882 | Lair:4   | Killed a seven-headed hydra
 24017 | Lair:4   | Noticed a death yak
 24018 | Lair:4   | Noticed a death yak
 24018 | Lair:4   | Noticed a death yak
 24044 | Lair:3   | Killed a death yak
 24152 | Lair:4   | Noticed a death yak
 24152 | Lair:4   | Noticed a death yak
 24152 | Lair:4   | Noticed a death yak
 24160 | Lair:4   | Killed a death yak
 24160 | Lair:4   | Reached skill level 6 in Necromancy
 24160 | Lair:4   | Gained mutation: You are in touch with the powers of death. [Mummy growth]
 24160 | Lair:4   | Reached XP level 13. HP: 74/98 MP: 10/25
 24990 | Lair:4   | Learned a level 2 spell: Repel Missiles
 25526 | Lair:3   | Reached skill level 7 in Necromancy
 25605 | Lair:3   | Reached skill level 11 in Conjurations
 25662 | Lair:3   | Reached skill level 1 in Charms
 25662 | Lair:3   | Reached skill level 1 in Air Magic
 26075 | Lair:3   | Reached skill level 2 in Air Magic
 26081 | Lair:3   | Reached skill level 2 in Charms
 26142 | Lair:3   | Found a staircase to the Shoals.
 26471 | Lair:5   | Found a runed door.
 26475 | Lair:5   | Noticed an azure jelly
 26476 | Lair:5   | Found a viscous altar of Jiyva.
 26476 | Lair:5   | Found a staircase to the Slime Pits.
 26476 | Lair:5   | Noticed an azure jelly
 27033 | Lair:5   | Reached skill level 3 in Charms
 27585 | Lair:5   | Identified a +6 rod of shadows (13/13) (You found it on level 5 of the Lair of Beasts)
 27589 | Lair:5   | Got a jewelled scimitar
 27590 | Lair:5   | Identified the +5 scimitar "Hydra's Death" {slice, MR+} (You found it on level 5 of the Lair of Beasts)
 27622 | Lair:6   | Entered Level 6 of the Lair of Beasts
 27628 | Lair:6   | Reached skill level 4 in Charms
 28185 | Lair:6   | Reached skill level 6 in Dodging
 29000 | Lair:6   | Found a radiant altar of Vehumet.
 29166 | Lair:6   | Reached skill level 9 in Fighting
 29298 | Lair:6   | Found a runed door.
 30010 | Lair:6   | Reached XP level 14. HP: 108/108 MP: 14/26
 30104 | Lair:6   | Reached skill level 7 in Dodging
 31252 | D:10     | Killed dondy's ghost
 31252 | D:10     | Reached skill level 10 in Fighting
 31975 | D:11     | Offered knowledge of Delayed Fireball by Vehumet.
 31984 | D:11     | Learned a level 7 spell: Delayed Fireball
 32294 | D:11     | Reached skill level 8 in Dodging
 32470 | D:11     | Got a fine cloak
 32486 | D:10     | Identified the +1 cloak of Poiduodd {rF+ rC+ rN+} (You found it on level 11 of the Dungeon)
 32499 | D:11     | Noticed Snorg
 32504 | D:11     | Killed Snorg
 33925 | D:12     | Noticed Maurice
 33928 | D:12     | Killed Maurice
 34034 | D:12     | Reached skill level 9 in Dodging
 34970 | D:11     | Noticed a fire giant
 34978 | D:11     | Noticed a tengu reaver
 35132 | Orc:1    | Entered Level 1 of the Orcish Mines
 35133 | Orc:1    | Offered knowledge of Freezing Cloud by Vehumet.
 35205 | Orc:1    | Found Pimec's Magic Scroll Boutique.
 35269 | Orc:1    | Found an iron altar of Okawaru.
 35276 | Orc:1    | You fall through a shaft!
 35276 | Orc:2    | Entered Level 2 of the Orcish Mines
 35591 | Orc:2    | Noticed an orc warlord
 36119 | Orc:1    | Bought a scroll of teleportation for 30 gold pieces
 36119 | Orc:1    | Bought a scroll of teleportation for 30 gold pieces
 36119 | Orc:1    | Bought a scroll of blinking for 75 gold pieces
 36301 | Orc:2    | Reached skill level 10 in Dodging
 36460 | Orc:2    | Found a staircase to the Elven Halls.
 37330 | Orc:2    | Offered knowledge of Iskenderun's Battlesphere by Vehumet.
 37330 | Orc:2    | Reached skill level 9 in Spellcasting
 38346 | Orc:2    | Killed an orc warlord
 38917 | Orc:2    | Reached XP level 15. HP: 117/117 MP: 19/28
 38998 | Orc:2    | Reached skill level 10 in Spellcasting
 39654 | Orc:2    | Found Nettor's Magic Scroll Shop.
 39654 | Orc:2    | Found Wooluh's Assorted Antiques.
 39655 | Orc:2    | Found Pyotostre's General Store.
 39655 | Orc:2    | Found Zyjas's General Store.
 39678 | Orc:2    | Bought a smoking platinum ring for 175 gold pieces
 39678 | Orc:2    | Identified the ring of Latsum {rC+ Str+3} (You bought it in a shop on level 2 of the Orcish Mines)
 39681 | Orc:2    | Bought a tubular marble ring for 175 gold pieces
 39687 | Orc:2    | Bought a scroll of teleportation for 36 gold pieces
 39687 | Orc:2    | Bought a scroll of fog for 24 gold pieces
 39690 | Orc:2    | Bought a scroll of summoning for 123 gold pieces
 39758 | Orc:1    | Bought a scroll of fear for 35 gold pieces
 40621 | D:13     | Offered knowledge of Poison Arrow by Vehumet.
 40621 | D:13     | Reached skill level 11 in Fighting
 40688 | D:12     | Learned a level 6 spell: Poison Arrow
 40932 | D:13     | Reached skill level 1 in Poison Magic
 41217 | D:13     | Identified a scroll of acquirement
 41223 | D:13     | Found a gate to the Vaults.
 41260 | D:13     | Learned a level 2 spell: Blink
 41682 | D:13     | Found Zakak's Antique Armour Shop.
 41740 | D:13     | Reached skill level 2 in Poison Magic
 41781 | D:13     | Reached skill level 1 in Translocations
 42580 | D:14     | Reached skill level 2 in Translocations
 42951 | D:14     | Reached skill level 3 in Poison Magic
 43051 | D:14     | Reached skill level 1 in Shields
 43306 | D:14     | Found a blossoming altar of Fedhas.
 43359 | D:14     | Reached skill level 2 in Shields
 43604 | D:14     | Reached skill level 3 in Shields
 43719 | D:14     | Identified the Almanac of Earth and Illusion
 44014 | D:15     | Entered Level 15 of the Dungeon
 44182 | D:15     | Reached skill level 4 in Shields
 44366 | D:15     | Reached skill level 5 in Shields
 44539 | D:15     | Reached skill level 6 in Shields
 44664 | D:15     | Reached skill level 3 in Translocations
 45026 | D:15     | Found a staircase to the Depths.
 45055 | D:15     | Reached XP level 16. HP: 107/125 MP: 21/30
 45073 | D:15     | Reached skill level 4 in Translocations
 45174 | D:15     | Reached skill level 12 in Conjurations
 45898 | D:11     | Reached skill level 4 in Poison Magic
 46055 | D:11     | Killed a tengu reaver
 46273 | D:11     | Offered knowledge of Spellforged Servitor by Vehumet.
 46758 | D:11     | Got a clouded lapis lazuli ring
 46768 | D:11     | Identified the ring of Ruzuocil {Str+4 Slay+2} (You took it off a kobold on level 11 of the Dungeon)
 46878 | D:11     | Learned a level 5 spell: Poisonous Cloud
 46998 | Elf:1    | Entered Level 1 of the Elven Halls
 47162 | Elf:1    | Reached skill level 5 in Poison Magic
 48101 | Elf:1    | Identified Cafusoru's Papyrus of Confrontation
 48258 | Elf:1    | Reached skill level 6 in Poison Magic
 48807 | Elf:1    | Quit the game

Vault maps used:
D:1:      evilmike_arrival_plus
D:2:      gammafunk_temple_overflow_elements, minmay_strange_pillars, hex_tiny,
          grunt_ministairs_2
D:3:      first_bread, nicolae_underground_beach
D:4:      cheibrodos_thug_alley, lemuel_doored_altar, uniq_blork_the_orc,
          uniq_robin
D:5:      lightli_sewer_entry_pipes
D:6:      zin_purify, uniq_grinder, uniq_eustachio, uniq_crazy_yiuf_cottage
D:7:      kennysheep_big_flooded_room, nicolae_ossuary_entry_false_entrances,
          lemuel_old_faithful, uniq_duvessa
D:8:      kennysheep_mini_moat, serial_shops, shop
D:9:      erik_lair_orcish_takeover
D:10:     orc_0_dummy, basic_altar
D:11:     minmay_tile_spiral, uniq_snorg
D:12:     david_nohive_1, nicolae_twisting_strands, uniq_maurice
D:13:     grunt_vaults_entry_tiered, serial_shops, nicolae_shop_statue_plus
D:14:     fedhas_altar_3, grunt_ministairs_13
D:15:     gammafunk_depths_entry_grave
Temple:   eino_temple_scatter_basement
Lair:1:   uniq_harold
Lair:2:   uniq_nergalle
Lair:3:   minmay_shoals_entry_lonely_mermaid, minmay_snake_entry_six_corridors,
          minmay_another_anthill, uniq_urug
Lair:4:   lab_entry_generic
Lair:5:   slime_altar_2, cheibrodos_lair_caveside_slide,
          minmay_lair_oklob_chamber
Lair:6:   wormcave, basic_altar
Orc:1:    serial_shops, shop, okawaru_metal_pillars_1_2
Orc:2:    st_orc_pillars
Elf:1:    eino_elf_arrival_the_gate, minmay_elf_annihilation
Lab:      labyrinth_hidden_loot, labyrinth_skeletal_remains, lab_fountain,
          labyrinth_glass_2, nicolae_lab_grate, nicolae_lab_statue
Sewer:    sewer_kobolds
Ossuary:  ossuary_tomb_3

Skill      XL: |  1  2  3  4  5  6  7  8  9 10 11 12 13 14 15 16 |
---------------+-------------------------------------------------+-----
Conjurations   | 1 2 3 5 6 8 9 10 11 12 | 12.9
Spellcasting   | 3 4 5 8 9 10 | 10.0
Fire Magic     | 3 4 6 8 9 |  9.0
Evocations     | 1 2 5 |  5.0
Fighting       | 8 9 10 11 | 11.2
Dodging        | 3 5 6 10 | 10.5
Armour         | 2 3 |  3.8
Necromancy     | 6 7 |  7.0
Charms         | 4 |  4.0
Air Magic      | 2 |  2.5
Poison Magic   | 3 6 |  6.3
Translocations | 3 4 |  4.0
Shields        | 6 |  6.0
Stealth        | |  1.5

Action                   |  1- 3 |  4- 6 |  7- 9 | 10-12 | 13-15 | 16-18 || total
-------------------------+-------+-------+-------+-------+-------+-------++-------
Melee: Flail             |    28 |     8 |    71 |       |       |       ||   107
       Quarterstaff      |       |       |    67 |       |       |       ||    67
       Falchion          |       |       |    15 |   138 |     4 |       ||   157
       Staff             |       |       |       |    34 |   167 |    11 ||   212
       Scimitar          |       |       |       |    20 |   252 |    85 ||   357
 Cast: Flame Tongue      |    72 |   178 |   237 |   280 |    24 |       ||   791
       Conjure Flame     |       |     1 |     9 |    27 |    11 |     4 ||    52
       Sticky Flame      |       |     1 |    17 |    88 |    87 |     5 ||   198
       Bolt of Draining  |       |       |       |    41 |   352 |    41 ||   434
       Fireball          |       |       |       |     5 |   198 |    22 ||   225
       Repel Missiles    |       |       |       |       |     6 |     1 ||     7
       Delayed Fireball  |       |       |       |       |     1 |       ||     1
       Poison Arrow      |       |       |       |       |       |    47 ||    47
       Poisonous Cloud   |       |       |       |       |       |     2 ||     2
       Blink             |       |       |       |       |       |     1 ||     1
Evoke: Wand              |       |     2 |     2 |     3 |     5 |     2 ||    14
       Rod               |       |       |     1 |       |       |       ||     1
  Use: Scroll            |       |       |     9 |    10 |    12 |     6 ||    37
 Stab: Distracted        |     1 |       |       |       |       |       ||     1
       Sleeping          |       |       |       |       |     1 |       ||     1
Armor: Robe              |    16 |    27 |    34 |       |    69 |    19 ||   165
       Leather armour    |       |       |     6 |    90 |   100 |       ||   196
       Ring mail         |       |       |    79 |    41 |       |       ||   120
Dodge: Dodged            |    49 |    81 |   195 |   313 |   469 |    64 ||  1171
       Deflected         |       |       |       |       |    19 |     3 ||    22
Block: Other             |       |       |    21 |    73 |   103 |       ||   197
       Reflection        |       |       |     1 |     9 |    16 |     4 ||    30
       Buckler           |       |       |       |       |    37 |    33 ||    70
       Rpst.: Falchion   |       |       |     8 |    37 |     2 |       ||    47
       Scimitar          |       |       |       |     5 |    49 |    11 ||    65
